 Dungeon Crawl Stone Soup version 0.31-a0-255-g9c3d1c461a (webtiles) character file.

Game seed: 14781116761220890239

62 qw the Shooter (level 4, -7/26 HPs)
             Began as a Gargoyle Hexslinger on July 12, 2023.
             Mangled by an iguana (12 damage)
             ... on level 3 of the Dungeon.
             The game lasted 00:00:31 (1162 turns).

qw the Shooter (Gargoyle Hexslinger)                Turns: 1162, Time: 00:00:31

Health: -7/26      AC:  8    Str: 11    XL:     4   Next: 8%
Magic:  5/5        EV: 10    Int: 14    God:
Gold:   63         SH:  0    Dex: 14    Spells: 4/5 levels left

rFire   . . .        Y - +1 sling
rCold   . . .        (no shield)
rNeg    + . .        d - +0 ring mail
rPois   inf          (no helmet)
rElec   +            (no cloak)
rCorr   .            (no gloves)
SInv    .            (no boots)
Will    .....        (no amulet)
Stlth   +            (no ring)
HPRegen 0.24/turn    (no ring)
MPRegen 0.09/turn

%: no passive effects
@: about to teleport
A: sickness immunity, AC +3, negative energy resistance 1, electricity
resistance, torment resistance 1, petrification resistance
a: no special abilities


You were on level 3 of the Dungeon.
You visited 1 branch of the dungeon, and saw 3 of its levels.

You collected 63 gold pieces.


Innate Abilities, Weirdness & Mutations

You are immune to sickness and miasma.
Your stone body is resilient. (AC +3)
You are immune to poison.
You resist negative energy. (rN+)
You are resistant to electric shocks. (rElec)
You are resistant to unholy torment.
You are immune to petrification.


   Skills:
 - Level 2.0 Fighting
 + Level 3.9 Ranged Weapons
 - Level 1.5 Dodging
 - Level 1.0 Spellcasting
 - Level 2.6 Hexes


You had 4 spell levels left.
You knew the following spells:

 Your Spells              Type           Power      Damage    Failure   Level
a - Slow                  Hex            32%        N/A       22%         1

Your spell library contained the following spells:

 Spells                   Type           Power      Damage    Failure   Level
 Inner Flame              Hex/Fire       4%         N/A       73%         3
 Portal Projectile        Hex/Tloc       8%         N/A       73%         3
 Cause Fear               Hex            4%         N/A       91%         4

Inventory:

Hand Weapons
 Y - a +1 sling (weapon)
Armour
 d - a +0 ring mail (worn)
Scrolls
 a - a scroll of identify
Potions
 b - a potion of mutation {unknown}
 g - a potion of curing

Dungeon Overview and Level Annotations

Branches:
Dungeon (3/15)

Altars:


Message History

You shoot a sling bullet. The sling bullet hits the kobold!
You kill the kobold!
Found 2 stones.
You now have 63 gold pieces (gained 9).
Found an escape hatch in the floor.
An iguana comes into view.
Enter note: You shoot a sling bullet.
The sling bullet hits the iguana.
The iguana is lightly wounded.
You shoot a sling bullet.
The sling bullet barely misses the iguana.
You shoot a sling bullet. The sling bullet hits the iguana.
The iguana is heavily wounded.
You shoot a sling bullet.
The sling bullet barely misses the iguana.
The iguana bites you.
You shoot a sling bullet. The sling bullet hits the iguana.
The iguana is heavily wounded.
The iguana bites you but does no damage.
You shoot a sling bullet.
The sling bullet barely misses the iguana.
The iguana bites you but does no damage.
You shoot a sling bullet.
The sling bullet barely misses the iguana.
The iguana bites you but does no damage.
The iguana barely misses you.
You shoot a sling bullet.
The sling bullet completely misses the iguana.
The iguana bites you.
You shoot a sling bullet.
The sling bullet barely misses the iguana.
The iguana bites you!
You shoot a sling bullet.
The sling bullet closely misses the iguana.
The iguana bites you. The iguana closely misses you.
1162 ||| READING scroll of teleportation.
As you read the scroll of teleportation, it crumbles to dust.
You feel strangely unstable. The iguana bites you!
You die...

#.....) #....# #....##
#....# #.>...## #....#
###......## ######....#
#.........#
..........####.......#..
######..............###.
########.#.###.......#..
.........)......@l......
########.#<##.#######...
#####.#.##.#
........##.#
...........#####.#
.)................
#####+#...........
#.#..........#
#.#.##########


You could see an iguana.

Vanquished Creatures
  3 adders
  2 dart slugs
  2 endoplasms
  4 giant cockroaches
  3 hobgoblins (D:1)
  3 kobolds (D:3)
  3 quokkas (D:1)
  3 bats (D:1)
  4 frilled lizards
  A goblin (D:1)
  4 rats
32 creatures vanquished.

Notes
Turn   | Place    | Note
-------+----------+-------------------------------------------
     0 | D:1      | qw the Gargoyle Hexslinger began the quest for the Orb.
     0 | D:1      | Reached XP level 1. HP: 12/12 MP: 2/2
     0 | D:1      | 0 ||| qw: Version: 0.3-a-52-g30416fa
     0 | D:1      | 0 ||| qw: Game counter: 6708
     0 | D:1      | 0 ||| qw: Melee chars always use a shield: true
     0 | D:1      | 0 ||| qw: God list: Okawaru
     0 | D:1      | 0 ||| qw: Allow faded altars: false
     0 | D:1      | 0 ||| qw: Do Orc after clearing Dungeon:15 true
     0 | D:1      | 0 ||| qw: Do second Lair branch before Depths: true
     0 | D:1      | 0 ||| qw: Lair rune preference: random
     0 | D:1      | 0 ||| qw: Goals: Normal
     0 | D:1      | 0 ||| PLANNING D:1-11
    78 | D:1      | Reached XP level 2. HP: 16/16 MP: 3/3
   196 | D:1      | Reached skill level 3 in Ranged Weapons
   587 | D:1      | 587 ||| UPGRADING to +0 ring mail.
   597 | D:1      | 597 ||| DROPPING +0 robe.
   598 | D:1      | 598 ||| READING scroll labelled DIMYON YDDIRCH.
   599 | D:1      | 599 ||| READING 2 scrolls labelled RIKHLU VAEDERECS.
   603 | D:1      | 603 ||| DROPPING scroll of poison.
   678 | D:2      | Reached XP level 3. HP: 21/21 MP: 4/4
  1055 | D:2      | 1055 ||| READING 2 scrolls labelled GANEME EKENN.
  1056 | D:2      | 1056 ||| READING scroll labelled ZOUFOY ASHUVA.
  1057 | D:2      | 1057 ||| DRINKING 2 green potions.
  1117 | D:3      | Reached XP level 4. HP: 26/26 MP: 5/5
  1161 | D:3      | HP: 4/26 [iguana (3)]
  1162 | D:3      | 1162 ||| READING scroll of teleportation.
  1162 | D:3      | Mangled by an iguana

Levels and vault maps discovered:
D:1:      dpeg_arrival_simpleton_a, layout_basic, nrook_campfire,
          nicolae_figureground_sparkle
D:2:      layout_rooms, minmay_indecisive_spiral
D:3:      layout_basic, ebering_ecumenical_altar_webs, minmay_strange_pillars,
          uniq_natasha

Skill      XL: |  1  2 |
---------------+-------+-----
Ranged Weapons | 3 |  3.9
Fighting       | 2 |  2.0
Dodging        | |  1.5
Spellcasting   | |  1.0
Hexes          | |  2.6

Action                     |  1- 3 |  4- 6 || total
---------------------------+-------+-------++-------
   Fire: Sling             |   112 |    16 ||   128
    Use: Scroll            |     4 |     1 ||     5
         Potion            |     1 |       ||     1
 Armour: Robe              |    11 |       ||    11
         Ring mail         |    18 |     5 ||    23
  Dodge: Dodged            |    43 |     5 ||    48

Table legend:
 A = Non-vault XP
 B = Vault XP
 C = Vault XP percentage of total XP
 D = Non-vault monster count
 E = Vault monster count
 F = Vault count percentage of total count
                 A         B        C        D         E       F
            +---------+---------+-------+---------+---------+-------
      Total |      80 |       9 |  10.1 |      28 |       4 |  12.5
            +---------+---------+-------+---------+---------+-------
        D:1 |      32 |       0 |   0.0 |      19 |       0 |   0.0
        D:2 |      29 |       9 |  23.7 |       4 |       4 |  50.0
        D:3 |      19 |       0 |   0.0 |       5 |       0 |   0.0
            +---------+---------+-------+---------+---------+-------
